 Dungeon Crawl Stone Soup version 0.28.0-53-g5a82cb258f (webtiles) character file.

Game seed: 5655584852699914291

1941 Zeld the Geomancer (level 9, -4/45 HPs)
             Began as a Gargoyle Earth Elementalist on June 3, 2022.
             Slain by a spriggan
             ... wielding a +0 spear
              (13 damage)
             ... in a bailey.
             The game lasted 00:07:36 (4006 turns).

Zeld the Geomancer (Gargoyle Earth Elementalist)    Turns: 4006, Time: 00:07:36

Health: -4/45      AC: 11    Str: 12    XL:     9   Next: 18%
Magic:  1/19       EV: 11    Int: 26    God:
Gold:   125        SH:  0    Dex: 10    Spells: 2/21 levels left

rFire   . . .      SeeInvis .   a - +2 whip (elec)
rCold   . . .      Faith    .   (no shield)
rNeg    + . .      Spirit   .   b - +0 robe
rPois   ∞          Reflect  .   (helmet restricted)
rElec   +          Harm     .   j - +0 cloak
rCorr   .          Rampage  .   (no gloves)
Will    .....                   (no boots)
Stlth   ++........              (no amulet)
HPRegen 0.15/turn               u - +6 ring of intelligence
MPRegen 0.16/turn               (no ring)

@: flying
A: sickness immunity, AC +6, negative energy resistance 1, electricity
resistance, torment resistance 1, petrification resistance, horns 1, iridescent
scales 1
a: no special abilities


You were in a bailey.
You visited 1 branch of the dungeon, and saw 5 of its levels.
You also visited: Bailey.

You collected 125 gold pieces.

Inventory:

Hand Weapons
 a - a +2 whip of electrocution (weapon)
Missiles
 c - 77 stones
 g - 18 bolts
Armour
 b - a +0 robe (worn)
 j - a +0 cloak (worn)
Jewellery
 u - a +6 ring of intelligence (left hand)
Wands
 q - a wand of paralysis (12)
 s - a wand of iceblast (5)
Scrolls
 f - a scroll of silence {unknown}
 i - a scroll of identify {unknown}
 k - a scroll of enchant armour {unknown}
 m - a scroll of torment {unknown}
 p - a scroll of fear {unknown}
 r - a scroll of teleportation {unknown}
Potions
 d - 2 potions of flight
 h - a potion of mutation
 l - a potion of cancellation {unknown}
 n - 2 potions of haste {unknown}
 o - a potion of attraction {unknown}
 t - a potion of lignification {unknown}


   Skills:
 - Level 1.5 Dodging
 - Level 2.1 Stealth
 * Level 6.9 Spellcasting
 + Level 5.2 Conjurations
 + Level 0.7 Hexes
 - Level 2.0 Transmutations
 * Level 9.4 Earth Magic


You had 2 spell levels left.
You knew the following spells:

 Your Spells              Type           Power      Damage    Failure   Level
a - Sandblast             Erth           100%       2d20      1%          1
b - Passwall              Tmut/Erth      31%        N/A       1%          2
c - Stone Arrow           Conj/Erth      94%        3d12      1%          3
d - Petrify               Tmut/Erth      38%        N/A       6%          4
e - Leda's Liquefaction   Hex/Erth       17%        N/A       8%          4
f - Irradiate             Conj/Tmut      13%        3d17      36%         5

Your spell library contained the following spells:

 Spells                   Type           Power      Damage    Failure   Level
 Portal Projectile        Hex/Tloc       20%        N/A       16%         3
 Call Canine Familiar     Summ           8%         N/A       19%         3
 Sublimation of Blood     Necr           Unusable   N/A       N/A         2

Dungeon Overview and Level Annotations

Branches:
Dungeon (7/15)             Bailey (1/1)
 Temple: D:4-7

Altars:
Wu Jian


Innate Abilities, Weirdness & Mutations

You are immune to sickness and miasma.
Your stone body is resilient. (AC +6)
You are immune to poison.
You resist negative energy. (rN+)
You are resistant to electric shocks. (rElec)
You are resistant to unholy torment.
You are immune to petrification.
You have a pair of small horns on your head.
You are partially covered in iridescent scales. (AC +2)


Message History

It was a potion of flight.
You feel very buoyant.
You fly up into the air.
The spriggan barely misses you. The spriggan closely misses you.
You see here a +0 spear.
Casting: Sandblast (safe; 1% risk of failure)
Confirm with . or Enter, or press ? or * to list all spells.
Aiming: Sandblast (safe; 1% risk of failure)
Press: ? - help, Shift-Dir - straight line, f/p - spriggan
Aim: a spriggan, wielding a +0 spear and wearing the +10 ice dragon scales "Pehaushro" {Contam rF- rC++ rN+++ Int+8 Dex-3} (69% to hit)
The blast of sand misses the spriggan.
c - 78 stones The spriggan misses you.
It was a potion of curing.
You feel better.
The spriggan hits you from afar with a +0 spear.
Okay, then.
The spriggan hits you but does no damage.
The spriggan barely misses you.
Things that are here:
a +0 glaive; an ogre skeleton The spriggan hits you with a +0 spear.
Things that are here:
a +0 glaive; an ogre skeleton
Casting: Sandblast (safe; 1% risk of failure)
Confirm with . or Enter, or press ? or * to list all spells.
Aiming: Sandblast (safe; 1% risk of failure)
Press: ? - help, Shift-Dir - straight line, f/p - spriggan
Aim: a spriggan, wielding a +0 spear and wearing the +10 ice dragon scales "Pehaushro" {Contam rF- rC++ rN+++ Int+8 Dex-3} (69% to hit)
The blast of sand misses the spriggan.
c - 77 stones The spriggan hits you with a +0 spear.
You hit the spriggan. Lightning courses through the spriggan!
The spriggan is heavily wounded.
The spriggan hits you with a +0 spear!
* * * LOW HITPOINT WARNING * * *
It was a potion of mutation.
You feel extremely strange. A pair of horns grows on your head!
Iridescent scales grow over part of your body.
The spriggan hits you with a +0 spear!
You die...

##..## . ##..#♣
#..## #..# #..♣
#..# ♣ #..♣. .#
#..♣.. ..♣
#.@##..♣♣♣♣♣..#
##.i♣#.......#
##..##♣#≈#♣##..#
##...)≈≈≈....#
##.........##
##.......##
#########


You could see a spriggan.

Vanquished Creatures
  A two-headed ogre (Bailey)
  Grinder (D:3)
  3 spriggans (Bailey)
  A steam dragon (Bailey)
  4 ogres (Bailey)
  A bullfrog (D:7)
  A jelly (D:7)
  A howler monkey skeleton (D:7)
  8 adders (D:2)
  2 dart slugs
  An orc (D:7)
  5 bats
  5 endoplasms
  2 giant cockroaches (D:3)
  7 goblins
  2 hobgoblins (D:1)
  4 jackals (D:3)
  7 kobolds
  6 ball pythons (D:2)
  3 frilled lizards
  5 rats
70 creatures vanquished.

Notes
Turn   | Place    | Note
-------+----------+-------------------------------------------
     0 | D:1      | Zeld the Gargoyle Earth Elementalist began the quest for
                  | the Orb.
     0 | D:1      | Reached XP level 1. HP: 10/10 MP: 3/3
   179 | D:1      | Reached skill level 1 in Transmutations
   179 | D:1      | Reached XP level 2. HP: 8/15 MP: 3/5
   328 | D:1      | Learned a level 2 spell: Passwall
   347 | D:1      | Reached skill level 4 in Earth Magic
   763 | D:1      | Found a faded altar of an unknown god.
   921 | D:2      | Reached XP level 3. HP: 12/19 MP: 1/6
   925 | D:2      | Learned a level 3 spell: Stone Arrow
  1213 | D:2      | Reached XP level 4. HP: 24/24 MP: 5/8
  1529 | D:2      | Reached skill level 1 in Conjurations
  2358 | D:3      | Noticed Grinder
  2397 | D:3      | Reached XP level 5. HP: 27/28 MP: 7/9
  2403 | D:3      | Reached skill level 5 in Earth Magic
  2419 | D:3      | Paralysed by Grinder for 2 turns
  2628 | D:3      | Learned a level 4 spell: Petrify
  2704 | D:3      | Killed Grinder
  2705 | D:3      | Reached XP level 6. HP: 24/32 MP: 2/11
  2797 | D:3      | Found an ornate altar of the Wu Jian Council.
  2807 | D:3      | You fall into a shaft and drop 3 floors!
  2813 | D:6      | Noticed an orc warrior
  2953 | D:7      | Reached skill level 6 in Earth Magic
  3012 | D:7      | Found a flagged portal.
  3027 | Bailey   | Entered a bailey
  3052 | Bailey   | Noticed a spriggan
  3055 | Bailey   | Killed a spriggan
  3056 | Bailey   | Reached XP level 7. HP: 36/36 MP: 6/13
  3061 | Bailey   | Learned a level 4 spell: Leda's Liquefaction
  3112 | Bailey   | Noticed a spriggan
  3116 | Bailey   | Killed a spriggan
  3117 | Bailey   | Reached skill level 5 in Spellcasting
  3117 | Bailey   | Reached skill level 7 in Earth Magic
  3133 | Bailey   | Reached XP level 8. HP: 41/41 MP: 2/16
  3283 | Bailey   | Reached skill level 8 in Earth Magic
  3323 | Bailey   | Noticed a two-headed ogre
  3331 | Bailey   | Killed a two-headed ogre
  3332 | Bailey   | Reached skill level 5 in Conjurations
  3332 | Bailey   | Reached skill level 9 in Earth Magic
  3332 | Bailey   | Reached XP level 9. HP: 6/45 MP: 2/19
  3338 | Bailey   | Learned a level 5 spell: Irradiate
  3982 | Bailey   | Identified the +10 ice dragon scales "Pehaushro" {Contam
                  | rF- rC++ rN+++ Int+8 Dex-3}
  4006 | Bailey   | Gained mutation: You have a pair of small horns on your
                  | head. [potion of mutation]
  4006 | Bailey   | Gained mutation: You are partially covered in iridescent
                  | scales. (AC +2) [potion of mutation]
  4006 | Bailey   | Slain by a spriggan

Illustrated notes

Levels and vault maps discovered:
D:1:      lemuel_arrival_lava_pool, layout_loops_ring, basic_ecumenical_altar
D:2:      layout_basic, ebering_dispersal_statue_hall,
          chequers_hall_statues_wall_a, minmay_snake_closets
D:3:      layout_rooms, lemuel_crystal_altar, xom_teletrap_fun,
          lemuel_coloured_pillars_altar, uniq_crazy_yiuf_cottage, uniq_grinder,
          uniq_ijyb
D:6:      layout_basic, nicolae_overflow_crystal_walls,
          mainiacjoe_overflow_big_doors, hangedman_decor_riveting, minivault_19,
          uniq_maggie, uniq_menkaure
D:7:      layout_rooms, hellmonk_ghost_happy_afterlife, enter_bailey_3
Bailey:   bailey_polearm_enchanted_keep_hellmonk, bailey

Skill      XL: |  1  2  3  4  5  6  7  8 |
---------------+-------------------------+-----
Transmutations | 1 2 |  2.0
Earth Magic    | 4 5 6 7 9 |  9.4
Spellcasting   | 3 4 5 6 |  6.9
Conjurations   | 1 2 3 5 |  5.2
Dodging        | |  1.5
Stealth        | |  2.1
Hexes          | |  0.7

Action                   |  1- 3 |  4- 6 |  7- 9 || total
-------------------------+-------+-------+-------++-------
Melee: Unarmed           |     3 |       |       ||     3
       Whip              |     5 |    16 |     1 ||    22
 Cast: Sandblast         |    30 |    55 |     8 ||    93
       Stone Arrow       |       |     3 |    24 ||    27
  Use: Potion            |       |       |     3 ||     3
Armor: Robe              |     7 |    25 |     2 ||    34
Dodge: Dodged            |    13 |    35 |     8 ||    56
